Login

Finger Badgers vs Aces

Created - October 22, 2023 at 12:40

Goals
1 2 3 T
Finger Badgers 1 1 1 3
Aces 1 2 2 5
Shots
1 2 3 T
Finger Badgers 20 7 18 45
Aces 11 15 12 38

GoalsPenalties
1st period
1. Finger Badgers , Sam Bennett 2 (Tom Wilson 1) at 15:10
2. Aces , Conor Sheary 1 (Robby Fabbri 2, Evan Rodrigues 1) at 17:46
No Penalty
2nd period
3. Aces , Mikael Backlund 1 (Jordan Kyrou 1, Charlie Coyle 2) at 7:21
4. Finger Badgers , Mason Marchment 1 (Douche Larouche 2) at 11:55
5. Aces , Evan Rodrigues 2 (Lee Mack 1, Robby Fabbri 3) at 19:47
Josh Anderson (DFB) for Holding (Minor) at 0:49
3rd period
6. Finger Badgers , Tom Wilson 2 (Sam Bennett 2) at 9:16
7. Aces , Lee Mack 1 (Mikael Backlund 1, Charlie Coyle 3) at 15:15 (PP)
8. Aces , Erik Cernak 1 (Jack Hughes 2, Clayton Keller 2) at 19:00 (Empty Net)
J.T. Compher (DFB) for Holding (Minor) at 0:35
Evan Rodrigues (MAL) for Tripping (Minor) at 5:18
Marcus Foligno (DFB) for Hooking (Minor) at 14:01
Goalie Stats
Tristan Jarry (DFB), 33 saves from 37 shots - (0.892), L, 1-1-0, 59:33 minutes
Carter Hart (MAL), 42 saves from 45 shots - (0.933), W, 1-2-0, 60:00 minutes
3 StarsOfficial
1 - Lee Mack (MAL)
2 - Evan Rodrigues (MAL)
3 - Conor Sheary (MAL)
Referees : Unknown
Linesman : Unknown
Game Note
9:16 of 3rd period - Finger Badgers goal is going for a video replay. After video review, Goal.
Erik Cernak has scored in a empty net!
Finance
Level 1 -- Attendance: 4581 (76.35%) -- Ticket Income $458,100
Level 2 -- Attendance: 3920 (78.40%) -- Ticket Income $235,200
Level 3 -- Attendance: 1518 (75.90%) -- Ticket Income $53,130
Level 4 -- Attendance: 3153 (78.83%) -- Ticket Income $78,825
Luxury Box -- Attendance: 1000 (100.00%) -- Ticket Income $200,000
Game was played at the Ikea Arena.
Total Attendance: 14172 (78.73%)
Total Ticket Income: $1,025,255
Other Income: $410,102
Total Income: $1,435,357



Team Name Goals Shots Shots Attemp Shots Blocked PIM HIT PP PK FO%
Finger Badgers 34583136180 / 1 (0%)151%
Aces 53867122221 / 3 (33%)049%

Finger Badgers
Player Name POS G A P +/- PIM HIT SHT SB MP PP MP PP SHT PK MP PK SHT FO% FOT GA TA
Adam BoqvistD0001001115:340:5810:0000% 001
Boone JennerC/LW000-3009118:311:0602:58060% 2500
Carson SoucyD0001001216:330:0002:1800% 001
Christian DvorakC/LW000100309:300:0000:1300% 010
Douche LaroucheD011-1034227:581:0102:5400% 021
Henri JokiharjuD000-1011016:280:0002:1800% 001
J.J. MoserD000-1001015:290:5800:0000% 000
J.T. CompherC/LW/RW0000213116:180:0001:0200% 000
Jean-Gabriel PageauC0000003015:550:3900:00052% 2310
Josh AndersonLW/RW0000212015:190:0000:0000% 000
Luke KuninC/RW000101009:170:0000:00025% 400
Marcus FolignoLW000-3210014:220:0000:0000% 010
Mason MarchmentLW/RW101101319:170:0000:0000% 100
Nico SturmC/LW0001021115:580:5301:1700% 101
Rasmus RistolainenD000-1015327:581:0102:5400% 000
Sam BennettC/LW/RW1121025017:301:2002:17053% 1711
Tanner JeannotLW/RW000-3011118:151:0602:3700% 000
Tom WilsonRW1121032014:330:5300:0000% 100
Aces
Player Name POS G A P +/- PIM HIT SHT SB MP PP MP PP SHT PK MP PK SHT FO% FOT GA TA
Anthony BeauvillierLW000-200008:390:0000:000100% 100
Charlie CoyleC/RW0220011017:272:3000:00050% 1202
Clayton KellerLW/RW0111013017:282:4200:45033% 310
Conor ShearyLW/RW1012023015:120:0000:00067% 300
Dante FabbroD0001021217:351:4900:4100% 001
Erik CernakD1010011227:573:2301:1800% 000
Evan RodriguesC/LW/RW1122227015:180:0000:0000% 010
Jack HughesC/LW0111003017:502:4211:1400% 310
Jordan KyrouLW/RW0110026018:192:3000:4500% 010
Lee MackD1120033327:573:2311:1800% 010
Mikael BacklundC/RW1120023017:272:3000:0000% 000
Nathan MacKinnonC000-1043125:592:4201:14054% 2800
Nick LeddyD0000000314:280:0000:0000% 001
Paul StastnyC/LW000000000:300:0000:0000% 000
Robby FabbriC/LW0222013015:120:0000:00050% 1411
Ross ColtonC/LW000-200108:390:0000:00038% 800
Ryan McDonaghD0001010017:351:4900:4100% 001
Thomas ChabotD0000000114:280:0000:0000% 000

Finger Badgers

5 vs 5 Forward
Line #Left WingCenterRight WingPHYDFOFWanted %Time %Time Play
1Marcus FolignoBoone JennerTanner Jeannot1223028%14:35
2Nico SturmSam BennettTom Wilson1222826%13:45
3Josh AndersonJean-Gabriel PageauJ.T. Compher1222629%15:12
4Christian DvorakLuke KuninMason Marchment1221618%9:17
5 vs 5 Defense
Line #DefenseDefensePHYDFOFWanted %Time %Time Play
1Douche LaroucheRasmus Ristolainen1223031%16:11
2J.J. MoserHenri Jokiharju1222828%14:53
3Carson SoucyAdam Boqvist1222626%13:53
4Douche LaroucheRasmus Ristolainen1221615%7:52
Power Play Forward
Line #Left WingCenterRight WingPHYDFOFWanted %Time %Time Play
1Sam BennettBoone JennerTanner Jeannot1225555%1:06
2Nico SturmSam BennettTom Wilson1224545%0:53
Power Play Defense
Line #DefenseDefensePHYDFOFWanted %Time %Time Play
1Douche LaroucheRasmus Ristolainen1225551%1:01
2J.J. MoserAdam Boqvist1224549%0:58
Penalty Kill 4 Players Forward
Line #CenterWingPHYDFOFWanted %Time %Time Play
1Boone JennerTanner Jeannot1225576%3:56
2Tanner JeannotSam Bennett1224524%1:16
Penalty Kill 4 Players Defense
Line #DefenseDefensePHYDFOFWanted %Time %Time Play
1Douche LaroucheRasmus Ristolainen1225556%2:54
2Carson SoucyHenri Jokiharju1224544%2:18
Penalty Kill 3 Players
Line #WingPHYDFOFWanted %Time %Time PlayDefenseDefensePHYDFOFWanted %Time %Time Play
1Boone Jenner122550%0:00 Douche LaroucheRasmus Ristolainen122550%0:00
2Boone Jenner122450%0:00 Carson SoucyHenri Jokiharju122450%0:00
4 vs 4 Forward
Line #CenterWingPHYDFOFWanted %Time %Time Play
1Boone JennerTanner Jeannot122550%0:00
2Tanner JeannotSam Bennett122450%0:00
4 vs 4 Defense
Line #DefensePHYDFOFWanted %Time %Time Play
1Douche LaroucheRasmus Ristolainen122550%0:00
2J.J. MoserHenri Jokiharju122450%0:00
Last Minutes Offensive
Left WingCenterRight WingDefenseDefense
Marcus FolignoBoone JennerTanner JeannotDouche LaroucheRasmus Ristolainen
Last Minutes Defensive
Left WingCenterRight WingDefenseDefense
Marcus FolignoBoone JennerTanner JeannotDouche LaroucheRasmus Ristolainen
Time
Total ForwardTotal DefenseLast Minutes OffensiveLast Minutes Defensive
60:00 60:00 0:000:00
Extra Forwards
Normal PowerPlayPenalty Kill
Jean-Gabriel Pageau, Josh Anderson, J.T. CompherJean-Gabriel Pageau, Josh AndersonJ.T. Compher
Extra Defensemen
Normal PowerPlayPenalty Kill
Henri Jokiharju, Adam Boqvist, Carson SoucyHenri Jokiharju, Adam BoqvistCarson Soucy
Penalty Shots
Boone Jenner, Marcus Foligno, Tanner Jeannot, Sam Bennett, Jean-Gabriel Pageau
Goalie
Tristan Jarry, Joey Daccord
Custom OT Lines Forwards
Boone Jenner, Marcus Foligno, Tanner Jeannot, Sam Bennett, Jean-Gabriel Pageau, Nico Sturm, Tom Wilson, Josh Anderson, J.T. Compher, Luke Kunin
Custom OT Lines Defensemen
Douche Larouche, Rasmus Ristolainen, J.J. Moser, Henri Jokiharju, Carson Soucy
Scratches
Johnathan Kovacevic (Healthy), Nick Foligno (Healthy), Yegor Sharangovich (Healthy)

Aces

5 vs 5 Forward
Line #Left WingCenterRight WingPHYDFOFWanted %Time %Time Play
1Jack HughesNathan MacKinnonClayton Keller1223026%13:38
2Jordan KyrouCharlie CoyleMikael Backlund1222829%15:04
3Evan RodriguesRobby FabbriConor Sheary1222629%15:12
4Anthony BeauvillierRoss ColtonNathan MacKinnon1221616%8:39
5 vs 5 Defense
Line #DefenseDefensePHYDFOFWanted %Time %Time Play
1Lee MackErik Cernak1223030%15:38
2Ryan McDonaghDante Fabbro1222829%15:01
3Thomas ChabotNick Leddy1222628%14:28
4Lee MackErik Cernak1221614%7:26
Power Play Forward
Line #Left WingCenterRight WingPHYDFOFWanted %Time %Time Play
1Jack HughesNathan MacKinnonClayton Keller1225552%2:42
2Jordan KyrouCharlie CoyleMikael Backlund1224548%2:30
Power Play Defense
Line #DefenseDefensePHYDFOFWanted %Time %Time Play
1Lee MackErik Cernak1225565%3:23
2Ryan McDonaghDante Fabbro1224535%1:49
Penalty Kill 4 Players Forward
Line #CenterWingPHYDFOFWanted %Time %Time Play
1Nathan MacKinnonJack Hughes1225562%1:14
2Clayton KellerJordan Kyrou1224538%0:45
Penalty Kill 4 Players Defense
Line #DefenseDefensePHYDFOFWanted %Time %Time Play
1Lee MackErik Cernak1225566%1:18
2Ryan McDonaghDante Fabbro1224534%0:41
Penalty Kill 3 Players
Line #WingPHYDFOFWanted %Time %Time PlayDefenseDefensePHYDFOFWanted %Time %Time Play
1Nathan MacKinnon122550%0:00 Lee MackErik Cernak122550%0:00
2Jack Hughes122450%0:00 Ryan McDonaghDante Fabbro122450%0:00
4 vs 4 Forward
Line #CenterWingPHYDFOFWanted %Time %Time Play
1Nathan MacKinnonJack Hughes122550%0:00
2Clayton KellerJordan Kyrou122450%0:00
4 vs 4 Defense
Line #DefensePHYDFOFWanted %Time %Time Play
1Lee MackErik Cernak122550%0:00
2Ryan McDonaghDante Fabbro122450%0:00
Last Minutes Offensive
Left WingCenterRight WingDefenseDefense
Jack HughesNathan MacKinnonClayton KellerLee MackErik Cernak
Last Minutes Defensive
Left WingCenterRight WingDefenseDefense
Jack HughesNathan MacKinnonClayton KellerLee MackErik Cernak
Time
Total ForwardTotal DefenseLast Minutes OffensiveLast Minutes Defensive
60:00 60:00 0:000:16
Extra Forwards
Normal PowerPlayPenalty Kill
Paul Stastny, Robby Fabbri, Evan RodriguesPaul Stastny, Robby FabbriEvan Rodrigues
Extra Defensemen
Normal PowerPlayPenalty Kill
Thomas Chabot, Nick Leddy, Ryan McDonaghThomas Chabot, Nick LeddyRyan McDonagh
Penalty Shots
Nathan MacKinnon, Jack Hughes, Clayton Keller, Jordan Kyrou, Charlie Coyle
Goalie
Carter Hart, Chris Driedger
Custom OT Lines Forwards
Nathan MacKinnon, Jack Hughes, Clayton Keller, Jordan Kyrou, Charlie Coyle, Robby Fabbri, Mikael Backlund, Evan Rodrigues, Anthony Beauvillier, Ross Colton
Custom OT Lines Defensemen
Lee Mack, Erik Cernak, Ryan McDonagh, Dante Fabbro, Thomas Chabot
Scratches
Carter Verhaeghe (Healthy), Arthur Kaliyev (Healthy), Philipp Grubauer (Healthy)


Play-by-Play

1st period


0:01 of 1st period - Boone Jenner wins face-off versus Nathan MacKinnon in neutral zone.
0:06 of 1st period - Slapshot by Boone Jenner.
0:06 of 1st period - Shot Blocked by Erik Cernak.
0:08 of 1st period - Wrist shot by Boone Jenner.
0:08 of 1st period - Stopped by Carter Hart without a rebound.
0:09 of 1st period - Nathan MacKinnon wins face-off versus Boone Jenner in Aces zone.
0:18 of 1st period - Wrist shot by Boone Jenner.
0:18 of 1st period - Shot Blocked by Erik Cernak.
0:22 of 1st period - Slapshot by Boone Jenner.
0:22 of 1st period - Stopped by Carter Hart without a rebound.
0:23 of 1st period - Sam Bennett wins face-off versus Charlie Coyle in Aces zone.
0:48 of 1st period - Ryan McDonagh is hit by Mason Marchment and loses puck.
1:01 of 1st period - Slapshot by Thomas Chabot.
1:01 of 1st period - Shot Blocked by Mason Marchment.
1:15 of 1st period - J.T. Compher is hit by Nathan MacKinnon and loses puck.
1:38 of 1st period - Snap shot by Jordan Kyrou.
1:38 of 1st period - Deflect By Charlie Coyle.
1:38 of 1st period - Stopped by Tristan Jarry with a rebound.
2:35 of 1st period - Snap shot by Josh Anderson.
2:35 of 1st period - Shot Misses the Net.
2:37 of 1st period - Slapshot by Rasmus Ristolainen.
2:37 of 1st period - Shot Misses the Net.
2:51 of 1st period - Rasmus Ristolainen is hit by Dante Fabbro.
3:27 of 1st period - Luke Kunin is hit by Erik Cernak.
3:37 of 1st period - Snap shot by Luke Kunin.
3:37 of 1st period - Deflect By Christian Dvorak.
3:37 of 1st period - Stopped by Carter Hart without a rebound.
3:38 of 1st period - Charlie Coyle wins face-off versus Jean-Gabriel Pageau in Aces zone.
3:47 of 1st period - Snap shot by Jordan Kyrou.
3:47 of 1st period - Deflect By Mikael Backlund.
3:47 of 1st period - Shot Misses the Net.
3:47 of 1st period - Puck is out of play.
3:48 of 1st period - Jean-Gabriel Pageau wins face-off versus Jack Hughes in Finger Badgers zone.
3:48 of 1st period - Jean-Gabriel Pageau is hit by Nathan MacKinnon.
4:54 of 1st period - Snap shot by Mason Marchment.
4:54 of 1st period - Shot Misses the Net.
4:56 of 1st period - Slapshot by Christian Dvorak.
4:56 of 1st period - Stopped by Carter Hart with a rebound.
4:58 of 1st period - Snap shot by Mason Marchment.
4:58 of 1st period - Stopped by Carter Hart without a rebound.
4:59 of 1st period - Nathan MacKinnon wins face-off versus Luke Kunin in Aces zone.
4:59 of 1st period - Nathan MacKinnon is hit by Rasmus Ristolainen.
5:17 of 1st period - Off-side.
5:18 of 1st period - Robby Fabbri wins face-off versus Boone Jenner in neutral zone.
5:22 of 1st period - Off-side.
5:23 of 1st period - Boone Jenner wins face-off versus Robby Fabbri in neutral zone.
5:26 of 1st period - Slapshot by Douche Larouche.
5:26 of 1st period - Stopped by Carter Hart with a rebound.
5:34 of 1st period - Backhand shot by Douche Larouche.
5:34 of 1st period - Deflect By Boone Jenner.
5:34 of 1st period - Shot Blocked by Lee Mack.
5:34 of 1st period - Puck is out of play.
5:35 of 1st period - Nathan MacKinnon wins face-off versus Sam Bennett in Aces zone.
5:48 of 1st period - Backhand shot by Jack Hughes.
5:48 of 1st period - Stopped by Tristan Jarry with a rebound.
6:23 of 1st period - Slapshot by Boone Jenner.
6:23 of 1st period - Stopped by Carter Hart with a rebound.
6:49 of 1st period - Slapshot by Douche Larouche.
6:49 of 1st period - Shot Blocked by Nick Leddy.
7:23 of 1st period - Wrist shot by Sam Bennett.
7:23 of 1st period - Shot Misses the Net.
7:25 of 1st period - Wrist shot by Jean-Gabriel Pageau.
7:25 of 1st period - Shot Misses the Net.
7:27 of 1st period - Slapshot by Douche Larouche.
7:27 of 1st period - Shot Blocked by Dante Fabbro.
7:29 of 1st period - Wrist shot by J.T. Compher.
7:29 of 1st period - Deflect By Josh Anderson.
7:29 of 1st period - Stopped by Carter Hart without a rebound.
7:30 of 1st period - Sam Bennett wins face-off versus Robby Fabbri in Aces zone.
7:55 of 1st period - Charlie Coyle is hit by Tanner Jeannot and loses puck.
8:04 of 1st period - Snap shot by Jordan Kyrou.
8:04 of 1st period - Shot Misses the Net.
8:06 of 1st period - Backhand shot by Jordan Kyrou.
8:06 of 1st period - Stopped by Tristan Jarry with a rebound.
8:40 of 1st period - Icing by Douche Larouche.
8:41 of 1st period - Robby Fabbri wins face-off versus Luke Kunin in Finger Badgers zone.
8:44 of 1st period - Snap shot by Evan Rodrigues.
8:44 of 1st period - Stopped by Tristan Jarry with a rebound.
9:02 of 1st period - Snap shot by Douche Larouche.
9:02 of 1st period - Shot Blocked by Lee Mack.
9:20 of 1st period - Erik Cernak is hit by Douche Larouche and loses puck.
9:25 of 1st period - Slapshot by Douche Larouche.
9:25 of 1st period - Stopped by Carter Hart without a rebound.
9:26 of 1st period - Boone Jenner wins face-off versus Charlie Coyle in Aces zone.
10:02 of 1st period - Wrist shot by Sam Bennett.
10:02 of 1st period - Stopped by Carter Hart without a rebound.
10:03 of 1st period - Jean-Gabriel Pageau wins face-off versus Conor Sheary in Aces zone.
10:04 of 1st period - Snap shot by J.T. Compher.
10:04 of 1st period - Shot Blocked by Lee Mack.
10:06 of 1st period - Snap shot by Rasmus Ristolainen.
10:06 of 1st period - Stopped by Carter Hart with a rebound.
10:08 of 1st period - Slapshot by Jean-Gabriel Pageau.
10:08 of 1st period - Stopped by Carter Hart without a rebound.
10:09 of 1st period - Jean-Gabriel Pageau wins face-off versus Robby Fabbri in Aces zone.
10:12 of 1st period - Slapshot by Jean-Gabriel Pageau.
10:12 of 1st period - Shot Misses the Net.
10:14 of 1st period - Wrist shot by J.T. Compher.
10:14 of 1st period - Shot Misses the Net.
10:16 of 1st period - Slapshot by Rasmus Ristolainen.
10:16 of 1st period - Deflect By Robby Fabbri.
10:16 of 1st period - Stopped by Carter Hart with a rebound.
10:39 of 1st period - Wrist shot by Tom Wilson.
10:39 of 1st period - Shot Hit the Post.
10:41 of 1st period - Slapshot by Rasmus Ristolainen.
10:41 of 1st period - Shot Misses the Net.
10:43 of 1st period - Snap shot by Nico Sturm.
10:43 of 1st period - Stopped by Carter Hart with a rebound.
11:18 of 1st period - Snap shot by Anthony Beauvillier.
11:18 of 1st period - Shot Misses the Net.
11:38 of 1st period - Snap shot by Evan Rodrigues.
11:38 of 1st period - Deflect By Robby Fabbri.
11:38 of 1st period - Shot Misses the Net.
11:38 of 1st period - Puck is out of play.
11:39 of 1st period - Boone Jenner wins face-off versus Charlie Coyle in Finger Badgers zone.
11:39 of 1st period - Boone Jenner is hit by Mikael Backlund.
11:53 of 1st period - Snap shot by Jordan Kyrou.
11:53 of 1st period - Stopped by Tristan Jarry without a rebound.
11:54 of 1st period - Sam Bennett wins face-off versus Nathan MacKinnon in Finger Badgers zone.
12:21 of 1st period - Henri Jokiharju is hit by Robby Fabbri and loses puck.
12:42 of 1st period - Slapshot by Charlie Coyle.
12:42 of 1st period - Shot Misses the Net.
13:02 of 1st period - Slapshot by Sam Bennett.
13:02 of 1st period - Shot Misses the Net.
13:04 of 1st period - Slapshot by Rasmus Ristolainen.
13:04 of 1st period - Stopped by Carter Hart without a rebound.
13:05 of 1st period - Nathan MacKinnon wins face-off versus Nico Sturm in Aces zone.
13:05 of 1st period - Nathan MacKinnon is hit by Nico Sturm.
13:23 of 1st period - Lee Mack is hit by Sam Bennett and loses puck.
13:38 of 1st period - Snap shot by Tom Wilson.
13:38 of 1st period - Stopped by Carter Hart with a rebound.
13:40 of 1st period - Slapshot by Nico Sturm.
13:40 of 1st period - Deflect By Sam Bennett.
13:40 of 1st period - Shot Misses the Net.
13:40 of 1st period - Puck is out of play.
13:41 of 1st period - Boone Jenner wins face-off versus Robby Fabbri in Aces zone.
14:10 of 1st period - Wrist shot by Mikael Backlund.
14:10 of 1st period - Shot Misses the Net.
14:29 of 1st period - Off-side.
14:30 of 1st period - Ross Colton wins face-off versus Sam Bennett in neutral zone.
14:41 of 1st period - Snap shot by Sam Bennett.
14:41 of 1st period - Shot Misses the Net.
14:49 of 1st period - Lee Mack is hit by Tom Wilson and loses puck.
15:08 of 1st period - Wrist shot by Sam Bennett.
15:08 of 1st period - Stopped by Carter Hart with a rebound.
15:10 of 1st period - Wrist shot by Sam Bennett.
15:10 of 1st period - Goal by Sam Bennett - Finger Badgers : 1 - Aces : 0.
15:11 of 1st period - Boone Jenner wins face-off versus Robby Fabbri in neutral zone.
15:20 of 1st period - Robby Fabbri is hit by Marcus Foligno and loses puck.
16:08 of 1st period - Wrist shot by Tom Wilson.
16:08 of 1st period - Deflect By Sam Bennett.
16:08 of 1st period - Stopped by Carter Hart with a rebound.
16:10 of 1st period - Snap shot by Tom Wilson.
16:10 of 1st period - Shot Blocked by Nick Leddy.
16:24 of 1st period - Wrist shot by Conor Sheary.
16:24 of 1st period - Stopped by Tristan Jarry with a rebound.
16:26 of 1st period - Snap shot by Evan Rodrigues.
16:26 of 1st period - Stopped by Tristan Jarry with a rebound.
16:28 of 1st period - Wrist shot by Evan Rodrigues.
16:28 of 1st period - Stopped by Tristan Jarry without a rebound.
16:29 of 1st period - Boone Jenner wins face-off versus Jack Hughes in Finger Badgers zone.
16:40 of 1st period - Marcus Foligno is hit by Clayton Keller and loses puck.
17:04 of 1st period - Wrist shot by J.T. Compher.
17:04 of 1st period - Stopped by Carter Hart without a rebound.
17:05 of 1st period - Nathan MacKinnon wins face-off versus Sam Bennett in Aces zone.
17:10 of 1st period - Sam Bennett is hit by Nathan MacKinnon and loses puck.
17:30 of 1st period - Icing by Clayton Keller.
17:31 of 1st period - Robby Fabbri wins face-off versus Boone Jenner in Aces zone.
17:40 of 1st period - Snap shot by Conor Sheary.
17:40 of 1st period - Shot Blocked by Tanner Jeannot.
17:42 of 1st period - Snap shot by Robby Fabbri.
17:42 of 1st period - Stopped by Tristan Jarry with a rebound.
17:44 of 1st period - Snap shot by Robby Fabbri.
17:44 of 1st period - Stopped by Tristan Jarry with a rebound.
17:46 of 1st period - Slapshot by Conor Sheary.
17:46 of 1st period - Goal by Conor Sheary - Finger Badgers : 1 - Aces : 1.
17:47 of 1st period - Nathan MacKinnon wins face-off versus Jean-Gabriel Pageau in neutral zone.
17:56 of 1st period - Snap shot by Clayton Keller.
17:56 of 1st period - Shot Misses the Net.
18:04 of 1st period - Slapshot by Jack Hughes.
18:04 of 1st period - Shot Blocked by J.T. Compher.
18:14 of 1st period - Rasmus Ristolainen is hit by Lee Mack and loses puck.
18:43 of 1st period - Slapshot by Douche Larouche.
18:43 of 1st period - Shot Misses the Net.
Goals for this period are 1 for Finger Badgers vs 1 for Aces.
Shots for this period are 20 for Finger Badgers vs 11 for Aces.

2nd period


0:01 of 2nd period - Boone Jenner wins face-off versus Nathan MacKinnon in neutral zone.
0:04 of 2nd period - Slapshot by Douche Larouche.
0:04 of 2nd period - Shot Misses the Net.
0:28 of 2nd period - Snap shot by Clayton Keller.
0:28 of 2nd period - Stopped by Tristan Jarry without a rebound.
0:29 of 2nd period - Charlie Coyle wins face-off versus Jean-Gabriel Pageau in Finger Badgers zone.
0:49 of 2nd period - Minor Penalty to Josh Anderson for Holding.
0:50 of 2nd period - Boone Jenner wins face-off versus Nathan MacKinnon in Finger Badgers zone.
2:49 of 2nd period - Penalty to Josh Anderson is over, Josh Anderson is back on ice.
3:06 of 2nd period - Snap shot by Robby Fabbri.
3:06 of 2nd period - Shot Blocked by Carson Soucy.
3:08 of 2nd period - Slapshot by Robby Fabbri.
3:08 of 2nd period - Stopped by Tristan Jarry with a rebound.
3:10 of 2nd period - Wrist shot by Evan Rodrigues.
3:10 of 2nd period - Stopped by Tristan Jarry without a rebound.
3:11 of 2nd period - Robby Fabbri wins face-off versus Jean-Gabriel Pageau in Finger Badgers zone.
3:26 of 2nd period - Slapshot by Conor Sheary.
3:26 of 2nd period - Stopped by Tristan Jarry with a rebound.
3:40 of 2nd period - Icing by Jean-Gabriel Pageau.
3:41 of 2nd period - Jean-Gabriel Pageau wins face-off versus Ross Colton in Finger Badgers zone.
4:11 of 2nd period - Snap shot by Nathan MacKinnon.
4:11 of 2nd period - Stopped by Tristan Jarry without a rebound.
4:12 of 2nd period - Charlie Coyle wins face-off versus Boone Jenner in Finger Badgers zone.
4:45 of 2nd period - Snap shot by Tom Wilson.
4:45 of 2nd period - Shot Misses the Net.
5:01 of 2nd period - Snap shot by Jack Hughes.
5:01 of 2nd period - Shot Blocked by Douche Larouche.
5:09 of 2nd period - Nathan MacKinnon is hit by Luke Kunin and loses puck.
5:42 of 2nd period - Snap shot by Jean-Gabriel Pageau.
5:42 of 2nd period - Shot Misses the Net.
6:23 of 2nd period - J.J. Moser is hit by Charlie Coyle and loses puck.
6:44 of 2nd period - Snap shot by Boone Jenner.
6:44 of 2nd period - Stopped by Carter Hart without a rebound.
6:45 of 2nd period - Conor Sheary wins face-off versus Sam Bennett in Aces zone.
7:12 of 2nd period - Rasmus Ristolainen is hit by Mikael Backlund and loses puck.
7:19 of 2nd period - Snap shot by Jordan Kyrou.
7:19 of 2nd period - Shot Misses the Net.
7:21 of 2nd period - Snap shot by Mikael Backlund.
7:21 of 2nd period - Goal by Mikael Backlund - Finger Badgers : 1 - Aces : 2.
7:22 of 2nd period - Boone Jenner wins face-off versus Jack Hughes in neutral zone.
7:27 of 2nd period - Snap shot by Tanner Jeannot.
7:27 of 2nd period - Shot Misses the Net.
7:34 of 2nd period - Off-side.
7:35 of 2nd period - Boone Jenner wins face-off versus Nathan MacKinnon in neutral zone.
8:27 of 2nd period - Slapshot by Conor Sheary.
8:27 of 2nd period - Shot Blocked by Carson Soucy.
8:34 of 2nd period - Icing by Adam Boqvist.
8:35 of 2nd period - Jean-Gabriel Pageau wins face-off versus Nathan MacKinnon in Finger Badgers zone.
8:42 of 2nd period - Snap shot by Nathan MacKinnon.
8:42 of 2nd period - Shot Misses the Net.
9:02 of 2nd period - Wrist shot by Jean-Gabriel Pageau.
9:02 of 2nd period - Stopped by Carter Hart with a rebound.
9:04 of 2nd period - Snap shot by Jean-Gabriel Pageau.
9:04 of 2nd period - Shot Blocked by Nick Leddy.
9:08 of 2nd period - Snap shot by J.T. Compher.
9:08 of 2nd period - Shot Blocked by Thomas Chabot.
9:10 of 2nd period - Slapshot by Carson Soucy.
9:10 of 2nd period - Stopped by Carter Hart without a rebound.
9:11 of 2nd period - Boone Jenner wins face-off versus Charlie Coyle in Aces zone.
9:18 of 2nd period - Wrist shot by Mikael Backlund.
9:18 of 2nd period - Shot Misses the Net.
9:20 of 2nd period - Slapshot by Jordan Kyrou.
9:20 of 2nd period - Stopped by Tristan Jarry with a rebound.
9:22 of 2nd period - Snap shot by Jordan Kyrou.
9:22 of 2nd period - Stopped by Tristan Jarry without a rebound.
9:23 of 2nd period - Sam Bennett wins face-off versus Nathan MacKinnon in Finger Badgers zone.
9:23 of 2nd period - Sam Bennett is hit by Nathan MacKinnon.
9:46 of 2nd period - Icing by Erik Cernak.
9:47 of 2nd period - Nathan MacKinnon wins face-off versus Boone Jenner in Aces zone.
10:05 of 2nd period - Off-side.
10:06 of 2nd period - Sam Bennett wins face-off versus Nathan MacKinnon in neutral zone.
10:32 of 2nd period - Boone Jenner is hit by Jordan Kyrou and loses puck.
10:57 of 2nd period - Slapshot by Lee Mack.
10:57 of 2nd period - Stopped by Tristan Jarry without a rebound.
10:58 of 2nd period - Sam Bennett wins face-off versus Clayton Keller in Finger Badgers zone.
11:53 of 2nd period - Slapshot by Douche Larouche.
11:53 of 2nd period - Shot Misses the Net.
11:55 of 2nd period - Wrist shot by Mason Marchment.
11:55 of 2nd period - Goal by Mason Marchment - Finger Badgers : 2 - Aces : 2.
11:56 of 2nd period - Sam Bennett wins face-off versus Nathan MacKinnon in neutral zone.
12:28 of 2nd period - Snap shot by Lee Mack.
12:28 of 2nd period - Shot Blocked by Rasmus Ristolainen.
12:30 of 2nd period - Wrist shot by Mikael Backlund.
12:30 of 2nd period - Deflect By Charlie Coyle.
12:30 of 2nd period - Shot Blocked by Douche Larouche.
12:30 of 2nd period - Puck is out of play.
12:31 of 2nd period - Conor Sheary wins face-off versus Boone Jenner in Finger Badgers zone.
12:44 of 2nd period - Snap shot by Evan Rodrigues.
12:44 of 2nd period - Stopped by Tristan Jarry with a rebound.
12:46 of 2nd period - Slapshot by Dante Fabbro.
12:46 of 2nd period - Stopped by Tristan Jarry with a rebound.
12:56 of 2nd period - Tanner Jeannot is hit by Dante Fabbro and loses puck.
13:15 of 2nd period - Wrist shot by Marcus Foligno.
13:15 of 2nd period - Shot Blocked by Dante Fabbro.
13:17 of 2nd period - Snap shot by Boone Jenner.
13:17 of 2nd period - Shot Misses the Net.
13:45 of 2nd period - Wrist shot by Tanner Jeannot.
13:45 of 2nd period - Stopped by Carter Hart without a rebound.
13:46 of 2nd period - Nathan MacKinnon wins face-off versus Tom Wilson in Aces zone.
13:59 of 2nd period - Slapshot by Jack Hughes.
13:59 of 2nd period - Stopped by Tristan Jarry with a rebound.
15:22 of 2nd period - Wrist shot by Mason Marchment.
15:22 of 2nd period - Deflect By Luke Kunin.
15:22 of 2nd period - Shot Misses the Net.
15:22 of 2nd period - Puck is out of play.
15:23 of 2nd period - Robby Fabbri wins face-off versus Luke Kunin in Aces zone.
15:29 of 2nd period - Off-side.
15:30 of 2nd period - Robby Fabbri wins face-off versus Sam Bennett in neutral zone.
15:57 of 2nd period - Lee Mack is hit by Henri Jokiharju and loses puck.
16:02 of 2nd period - Snap shot by Boone Jenner.
16:02 of 2nd period - Stopped by Carter Hart without a rebound.
16:03 of 2nd period - Nathan MacKinnon wins face-off versus Boone Jenner in Aces zone.
16:16 of 2nd period - Snap shot by Clayton Keller.
16:16 of 2nd period - Stopped by Tristan Jarry without a rebound.
16:17 of 2nd period - Nathan MacKinnon wins face-off versus Jean-Gabriel Pageau in Finger Badgers zone.
16:30 of 2nd period - Slapshot by J.T. Compher.
16:30 of 2nd period - Stopped by Carter Hart with a rebound.
16:56 of 2nd period - Snap shot by Jordan Kyrou.
16:56 of 2nd period - Stopped by Tristan Jarry with a rebound.
17:16 of 2nd period - Evan Rodrigues is hit by Douche Larouche and loses puck.
17:47 of 2nd period - Mikael Backlund is hit by J.T. Compher and loses puck.
18:14 of 2nd period - Nathan MacKinnon is hit by Tom Wilson and loses puck.
18:57 of 2nd period - Icing by Lee Mack.
18:58 of 2nd period - Ross Colton wins face-off versus Jean-Gabriel Pageau in Aces zone.
19:47 of 2nd period - Snap shot by Evan Rodrigues.
19:47 of 2nd period - Goal by Evan Rodrigues - Finger Badgers : 2 - Aces : 3.
19:48 of 2nd period - Jean-Gabriel Pageau wins face-off versus Nathan MacKinnon in neutral zone.
Goals for this period are 1 for Finger Badgers vs 2 for Aces.
Shots for this period are 7 for Finger Badgers vs 15 for Aces.

3rd period


0:01 of 3rd period - Nathan MacKinnon wins face-off versus Sam Bennett in neutral zone.
0:16 of 3rd period - Snap shot by Nathan MacKinnon.
0:16 of 3rd period - Deflect By Clayton Keller.
0:16 of 3rd period - Stopped by Tristan Jarry without a rebound.
0:17 of 3rd period - Charlie Coyle wins face-off versus Jean-Gabriel Pageau in Finger Badgers zone.
0:26 of 3rd period - Wrist shot by Jordan Kyrou.
0:26 of 3rd period - Deflect By Mikael Backlund.
0:26 of 3rd period - Shot Blocked by Rasmus Ristolainen.
0:26 of 3rd period - Puck is out of play.
0:27 of 3rd period - Charlie Coyle wins face-off versus Jean-Gabriel Pageau in Finger Badgers zone.
0:30 of 3rd period - Snap shot by Mikael Backlund.
0:30 of 3rd period - Stopped by Tristan Jarry with a rebound.
0:35 of 3rd period - Minor Penalty to J.T. Compher for Holding.
0:36 of 3rd period - Nathan MacKinnon wins face-off versus Boone Jenner in Finger Badgers zone.
0:44 of 3rd period - Snap shot by Jack Hughes.
0:44 of 3rd period - Stopped by Tristan Jarry with a rebound.
0:46 of 3rd period - Wrist shot by Nathan MacKinnon.
0:46 of 3rd period - Shot Misses the Net.
2:35 of 3rd period - Penalty to J.T. Compher is over, J.T. Compher is back on ice.
2:45 of 3rd period - Adam Boqvist is hit by Lee Mack and loses puck.
3:40 of 3rd period - Robby Fabbri is hit by Nico Sturm and loses puck.
3:53 of 3rd period - J.T. Compher is hit by Lee Mack and loses puck.
4:50 of 3rd period - J.T. Compher is hit by Ryan McDonagh and loses puck.
5:18 of 3rd period - Minor Penalty to Evan Rodrigues for Tripping.
5:19 of 3rd period - Boone Jenner wins face-off versus Nathan MacKinnon in Aces zone.
5:48 of 3rd period - Off-side.
5:49 of 3rd period - Sam Bennett wins face-off versus Clayton Keller in neutral zone.
6:19 of 3rd period - Nathan MacKinnon is hit by Sam Bennett and loses puck.
6:46 of 3rd period - Slapshot by Adam Boqvist.
6:46 of 3rd period - Stopped by Carter Hart without a rebound.
6:47 of 3rd period - Clayton Keller wins face-off versus Boone Jenner in Aces zone.
7:18 of 3rd period - Penalty to Evan Rodrigues is over, Evan Rodrigues is back on ice.
7:37 of 3rd period - Snap shot by Evan Rodrigues.
7:37 of 3rd period - Stopped by Tristan Jarry without a rebound.
7:38 of 3rd period - Jean-Gabriel Pageau wins face-off versus Charlie Coyle in Finger Badgers zone.
7:38 of 3rd period - Jean-Gabriel Pageau is hit by Jordan Kyrou.
7:52 of 3rd period - Erik Cernak is hit by Josh Anderson and loses puck.
8:32 of 3rd period - Snap shot by Sam Bennett.
8:32 of 3rd period - Stopped by Carter Hart with a rebound.
8:34 of 3rd period - Slapshot by Rasmus Ristolainen.
8:34 of 3rd period - Stopped by Carter Hart with a rebound.
8:48 of 3rd period - Slapshot by Boone Jenner.
8:48 of 3rd period - Stopped by Carter Hart with a rebound.
8:50 of 3rd period - Slapshot by Rasmus Ristolainen.
8:50 of 3rd period - Shot Misses the Net.
8:52 of 3rd period - Snap shot by Rasmus Ristolainen.
8:52 of 3rd period - Stopped by Carter Hart with a rebound.
9:04 of 3rd period - Slapshot by Christian Dvorak.
9:04 of 3rd period - Stopped by Carter Hart with a rebound.
9:06 of 3rd period - Slapshot by Mason Marchment.
9:06 of 3rd period - Stopped by Carter Hart with a rebound.
9:08 of 3rd period - Wrist shot by J.J. Moser.
9:08 of 3rd period - Shot Misses the Net.
9:10 of 3rd period - Snap shot by J.J. Moser.
9:10 of 3rd period - Stopped by Carter Hart with a rebound.
9:12 of 3rd period - Slapshot by Henri Jokiharju.
9:12 of 3rd period - Stopped by Carter Hart without a rebound.
9:13 of 3rd period - Sam Bennett wins face-off versus Charlie Coyle in Aces zone.
9:16 of 3rd period - Snap shot by Tom Wilson.
9:16 of 3rd period - Finger Badgers goal is going for a video replay.
9:16 of 3rd period - The goal is good.
9:16 of 3rd period - Goal by Tom Wilson - Finger Badgers : 3 - Aces : 3.
9:17 of 3rd period - Boone Jenner wins face-off versus Nathan MacKinnon in neutral zone.
9:49 of 3rd period - Slapshot by Henri Jokiharju.
9:49 of 3rd period - Shot Misses the Net.
10:15 of 3rd period - Slapshot by Nathan MacKinnon.
10:15 of 3rd period - Stopped by Tristan Jarry without a rebound.
10:16 of 3rd period - Robby Fabbri wins face-off versus Mason Marchment in Finger Badgers zone.
11:28 of 3rd period - Icing by Adam Boqvist.
11:29 of 3rd period - Jean-Gabriel Pageau wins face-off versus Robby Fabbri in Finger Badgers zone.
11:29 of 3rd period - Jean-Gabriel Pageau is hit by Evan Rodrigues.
11:44 of 3rd period - Slapshot by Robby Fabbri.
11:44 of 3rd period - Shot Misses the Net.
11:50 of 3rd period - Jean-Gabriel Pageau is hit by Conor Sheary.
11:54 of 3rd period - Adam Boqvist is hit by Evan Rodrigues and loses puck.
12:00 of 3rd period - Carson Soucy is hit by Conor Sheary and loses puck.
12:07 of 3rd period - Snap shot by J.T. Compher.
12:07 of 3rd period - Stopped by Carter Hart with a rebound.
12:09 of 3rd period - Snap shot by Josh Anderson.
12:09 of 3rd period - Stopped by Carter Hart without a rebound.
12:10 of 3rd period - Nathan MacKinnon wins face-off versus Boone Jenner in Aces zone.
12:27 of 3rd period - Wrist shot by Nathan MacKinnon.
12:27 of 3rd period - Stopped by Tristan Jarry without a rebound.
12:28 of 3rd period - Charlie Coyle wins face-off versus Sam Bennett in Finger Badgers zone.
12:37 of 3rd period - Mikael Backlund is hit by Tom Wilson.
12:57 of 3rd period - Off-side.
12:58 of 3rd period - Nathan MacKinnon wins face-off versus Jean-Gabriel Pageau in neutral zone.
13:47 of 3rd period - Snap shot by Jordan Kyrou.
13:47 of 3rd period - Stopped by Tristan Jarry with a rebound.
13:49 of 3rd period - Slapshot by Lee Mack.
13:49 of 3rd period - Deflect By Douche Larouche.
13:49 of 3rd period - Stopped by Tristan Jarry with a rebound.
14:01 of 3rd period - Minor Penalty to Marcus Foligno for Hooking.
14:02 of 3rd period - Boone Jenner wins face-off versus Nathan MacKinnon in Finger Badgers zone.
15:09 of 3rd period - Slapshot by Lee Mack.
15:09 of 3rd period - Shot Misses the Net.
15:11 of 3rd period - Slapshot by Lee Mack.
15:11 of 3rd period - Shot Blocked by Rasmus Ristolainen.
15:13 of 3rd period - Snap shot by Mikael Backlund.
15:13 of 3rd period - Shot Blocked by Boone Jenner.
15:15 of 3rd period - Slapshot by Lee Mack.
15:15 of 3rd period - Goal by Lee Mack - Finger Badgers : 3 - Aces : 4.
15:16 of 3rd period - Anthony Beauvillier wins face-off versus Jean-Gabriel Pageau in neutral zone.
15:22 of 3rd period - Off-side.
15:23 of 3rd period - Jean-Gabriel Pageau wins face-off versus Ross Colton in neutral zone.
15:40 of 3rd period - Wrist shot by J.T. Compher.
15:40 of 3rd period - Shot Misses the Net.
15:43 of 3rd period - Icing by Ryan McDonagh.
15:44 of 3rd period - Luke Kunin wins face-off versus Ross Colton in Aces zone.
15:53 of 3rd period - Slapshot by Dante Fabbro.
15:53 of 3rd period - Shot Misses the Net.
15:55 of 3rd period - Snap shot by Ross Colton.
15:55 of 3rd period - Stopped by Tristan Jarry without a rebound.
15:56 of 3rd period - Jean-Gabriel Pageau wins face-off versus Robby Fabbri in Finger Badgers zone.
16:21 of 3rd period - Nathan MacKinnon is hit by Douche Larouche and loses puck.
16:56 of 3rd period - Wrist shot by Mikael Backlund.
16:56 of 3rd period - Shot Blocked by Adam Boqvist.
17:06 of 3rd period - Wrist shot by Robby Fabbri.
17:06 of 3rd period - Shot Misses the Net.
17:26 of 3rd period - Snap shot by Boone Jenner.
17:26 of 3rd period - Shot Hit the Post.
17:28 of 3rd period - Slapshot by Boone Jenner.
17:28 of 3rd period - Stopped by Carter Hart with a rebound.
17:30 of 3rd period - Snap shot by Boone Jenner.
17:30 of 3rd period - Stopped by Carter Hart with a rebound.
17:32 of 3rd period - Slapshot by Douche Larouche.
17:32 of 3rd period - Stopped by Carter Hart with a rebound.
18:06 of 3rd period - Snap shot by Mikael Backlund.
18:06 of 3rd period - Stopped by Tristan Jarry with a rebound.
18:12 of 3rd period - Wrist shot by Mason Marchment.
18:12 of 3rd period - Shot Misses the Net.
18:33 of 3rd period - Finger Badgers, Tristan Jarry is pulled from the net.
18:35 of 3rd period - Wrist shot by Boone Jenner.
18:35 of 3rd period - Stopped by Carter Hart with a rebound.
18:48 of 3rd period - Off-side.
18:49 of 3rd period - call a timeout for Finger Badgers.
18:49 of 3rd period - Nathan MacKinnon wins face-off versus Sam Bennett in neutral zone.
18:56 of 3rd period - Wrist shot by Clayton Keller.
18:56 of 3rd period - Shot Blocked by Nico Sturm.
18:58 of 3rd period - Wrist shot by Jack Hughes.
18:58 of 3rd period - Shot Misses the Net.
19:00 of 3rd period - Wrist shot by Erik Cernak.
19:00 of 3rd period - Goal by Erik Cernak - Finger Badgers : 3 - Aces : 5.
19:00 of 3rd period - Tristan Jarry from Finger Badgers was sent back in the game.
19:01 of 3rd period - Ross Colton wins face-off versus Jean-Gabriel Pageau in neutral zone.
19:35 of 3rd period - Off-side.
19:36 of 3rd period - Jean-Gabriel Pageau wins face-off versus Ross Colton in neutral zone.
19:47 of 3rd period - Snap shot by Jean-Gabriel Pageau.
19:47 of 3rd period - Stopped by Carter Hart without a rebound.
19:48 of 3rd period - Jean-Gabriel Pageau wins face-off versus Ross Colton in Aces zone.
19:49 of 3rd period - Slapshot by Douche Larouche.
19:49 of 3rd period - Shot Blocked by Nathan MacKinnon.
19:51 of 3rd period - Slapshot by Douche Larouche.
19:51 of 3rd period - Stopped by Carter Hart with a rebound.
Goals for this period are 1 for Finger Badgers vs 2 for Aces.
Shots for this period are 18 for Finger Badgers vs 12 for Aces.